Map: Emerald City LE

Players

OpuS

  • Race: Protoss Protoss
  • League: Platinum
  • Spawn Location: 5:00

Sketchaphone

  • Race: Zerg Zerg
  • League: Gold
  • Spawn Location: 5:00

GoSPeL - Winner!

  • Race: Zerg Zerg
  • League: Silver
  • Spawn Location: 11:00

FoRTe - Winner!

  • Race: Protoss Protoss
  • Spawn Location: 11:00

VOD

Have the link to the VOD?

Description

Time

  • Played on: Jan. 23, 2019, 9:21 p.m.
  • Length: 12:38
Show
View Real Time Build Order
Export as new Build Order

OpuS Protoss 

Build Orders: Chargelot Immortal 

Get SALT Encoding   

  12  0:01  Probe  
  13  0:13  Probe  
  14  0:25  Probe  
  14  0:26  Pylon  
  15  0:44  Probe  
  16  0:57  Gateway  
  16  0:59  Gateway  
  16  1:01  Probe  
  17  1:09  Probe, Assimilator  
  17  1:11  Pylon  
  17  1:17  Probe  
  18  1:25  Probe  
  20  1:51  Probe  
  20  1:52  Cybernetics Core  
  21  2:03  Probe  
  22  2:15  Probe  
  23  2:31  Zealot x2  
  23  2:36  Probe  
  27  2:39  Robotics Facility  
  27  2:40  Assimilator  
  28  2:44  Probe  
  29  2:54  Probe  
  29  2:56  Warp Gate  
  30  3:05  Gateway  
  30  3:14  Nexus  
  29  3:23  Probe  
  30  3:34  Pylon  
  30  3:35  Probe  
  30  3:37  Pylon  
  31  3:52  Adept x2  
  35  3:56  Observer  
  36  4:12  Twilight Council  
  36  4:14  Probe  
  37  4:27  Probe x2  
  37  4:28  Immortal  
  43  4:39  Probe x2  
  43  4:44  Stalker  
  43  4:45  Stalker x2  
  51  5:00  Immortal  
  51  5:07  Gateway  
  51  5:08  Pylon  
  55  5:20  Stalker  
  55  5:21  Stalker  
  51  5:51  Charge  
  51  5:57  Zealot x2  
  53  5:58  Zealot, Immortal  
  53  5:59  Probe x2  
  63  6:11  Probe  
  63  6:12  Probe  
  63  6:14  Pylon  
  63  6:17  Pylon  
  65  6:22  Stalker x2  
  69  6:27  Assimilator  
  69  6:30  Pylon  
  69  6:32  Assimilator  
  69  6:39  Gateway  
  69  6:51  Stalker  
  69  6:52  Stalker x2  
  75  6:55  Stalker  
  77  7:07  Probe x2  
  79  7:19  Probe  
  78  7:27  Immortal  
  82  7:33  Probe x2  
  76  7:45  Probe  
  76  7:46  Probe  
  76  7:51  Stalker x4  
  80  7:52  Stalker  
  80  7:54  Blink  
  80  7:57  Probe  
  89  8:06  Immortal  
  93  8:13  Pylon  
  93  8:16  Pylon  
  93  8:17  Pylon  
  93  8:29  Pylon  
  93  8:36  Robotics Facility  
  93  8:41  Zealot  
  93  8:42  Zealot x4  
  103  8:59  Immortal  
  107  9:12  Nexus  
  107  9:26  Observer  
  93  9:38  Observer  
  93  9:40  Stalker x4  
  93  9:41  Stalker  
  99  9:46  Gateway  
  99  9:47  Observer  
  99  9:48  Gateway  
  100  9:59  Observer  
  67  10:15  Immortal  
  67  10:21  Immortal  
  75  10:28  Forge  
  75  10:29  Forge  
  75  10:31  Forge  
  75  10:39  Templar Archives  
  75  10:41  Dark Shrine  
  75  10:50  Probe  
  75  10:54  Immortal  
  79  11:02  Probe  
  80  11:14  Probe  
  80  11:15  Immortal  
  77  11:33  Probe, Immortal  
  78  11:45  Probe  
  79  11:58  Probe  
  79  12:00  Dark Templar x3  
  79  12:01  Dark Templar x2  
  90  12:19  Zealot x2  
  90  12:20  Probe  
Show
View Real Time Build Order
Export as new Build Order

Sketchaphone Zerg 

Build Orders: Hatch First 

Get SALT Encoding   

  12  0:01  Drone  
  13  0:12  Overlord  
  13  0:17  Drone  
  14  0:24  Drone, Extractor  
  15  0:34  Drone  
  15  0:35  Drone  
  17  0:58  Drone  
  17  0:59  Hatchery  
  17  1:00  Extractor  
  16  1:07  Drone  
  17  1:21  Drone  
  18  1:26  Spawning Pool  
  18  1:28  Drone  
  18  1:38  Drone  
  18  1:39  Drone  
  20  1:54  Overlord  
  20  2:12  Hatchery  
  19  2:19  Metabolic Boost  
  19  2:23  Zergling x2  
  19  2:25  Drone x3  
  19  2:26  Drone  
  24  2:35  Queen  
  26  2:46  Spine Crawler  
  26  2:49  Zergling x2  
  26  2:52  Overlord  
  26  2:57  Pneumatized Carapace  
  26  3:08  Zergling x2  
  26  3:11  Zergling x2  
  28  3:13  Zergling x2  
  28  3:15  Zergling x2  
  28  3:16  Drone x2  
  32  3:27  Queen  
  32  3:32  Drone  
  34  3:39  Queen  
  35  3:52  Zergling x2  
  35  3:54  Zergling x2  
  35  3:55  Overlord, Drone x2  
  39  3:58  Drone  
  39  4:00  Evolution Chamber  
  38  4:05  Baneling Nest, Drone x2  
  39  4:17  Overlord  
  37  4:42  Spine Crawler  
  37  4:43  Spine Crawler  
  36  4:45  Drone  
  36  4:46  Overlord, Drone  
  36  4:51  Zergling x18  
  46  4:53  Baneling  
  46  4:54  Baneling x3  
  46  4:59  Spine Crawler  
  45  5:00  Zergling x2  
  46  5:11  Zergling x6  
  46  5:13  Zerg Melee Weapons Level 1  
  49  5:20  Overlord  
  49  5:21  Drone x2  
  51  5:28  Drone x2  
  51  5:29  Drone x2  
  51  5:30  Baneling x2  
  55  5:45  Zergling x6  
  55  5:48  Zergling x10  
  55  6:01  Queen  
  57  6:07  Overlord, Zergling x2  
  57  6:08  Overlord  
  58  6:32  Overlord, Drone x3  
  61  6:37  Lair  
  61  6:38  Overlord  
  61  6:39  Overlord  
  60  6:47  Zergling x6  
  63  7:01  Drone x2  
  65  7:15  Overlord, Drone x5  
  70  7:18  Evolution Chamber  
  68  7:24  Zergling x12  
  74  7:33  Hatchery  
  74  7:36  Zergling x6  
  76  7:53  Drone x4, Extractor  
  76  7:54  Drone x2, Extractor  
  76  7:55  Zergling x2, Extractor  
  76  7:56  Zergling x4  
  82  8:07  Hatchery  
  81  8:13  Baneling x6  
  81  8:19  Centrifical Hooks  
  81  8:26  Evolution Chamber  
  79  8:41  Baneling x3  
  79  8:42  Baneling x6  
  79  8:43  Zergling x2  
  79  8:44  Zergling x20  
  90  8:49  Drone x2  
  90  8:55  Zerg Ground Armor Level 1  
  92  9:04  Extractor  
  92  9:05  Extractor  
  90  9:10  Queen, Spore Crawler, Drone x2  
  90  9:16  Zerg Melee Weapons Level 2  
  64  9:34  Overseer, Zergling x40  
  84  9:38  Zergling x2  
  84  9:39  Overseer  
  84  9:46  Queen  
  84  9:48  Zergling x10  
  91  9:53  Baneling x4  
  80  10:05  Zergling x10  
  80  10:06  Zergling x12  
  80  10:07  Zergling x2  
  81  10:20  Zergling x18  
  89  10:25  Drone x3  
  90  10:42  Zergling x20  
  99  10:52  Drone x2  
  83  11:18  Zergling x40  
  97  11:31  Spire  
  96  11:34  Infestation Pit  
  96  11:35  Zergling x16  
  96  11:38  Baneling x6  
  101  11:46  Baneling x9  
  101  11:47  Baneling  
  90  11:53  Zergling x8  
  94  11:56  Baneling x4  
  66  12:20  Zergling x16  
  66  12:21  Zergling x16  
Show
View Real Time Build Order
Export as new Build Order

GoSPeL Zerg - Winner!

Build Orders: Hatch First, Lurkers 

Get SALT Encoding   

  12  0:02  Drone  
  13  0:13  Overlord  
  13  0:17  Drone  
  14  0:31  Drone x2  
  14  0:35  Drone  
  17  0:53  Hatchery  
  17  0:56  Drone  
  17  1:07  Extractor  
  17  1:08  Drone  
  17  1:17  Spawning Pool  
  16  1:20  Drone  
  16  1:22  Drone  
  18  1:31  Drone  
  19  1:47  Overlord  
  19  1:57  Drone  
  20  2:13  Queen x2  
  24  2:25  Metabolic Boost  
  24  2:27  Drone x3  
  24  2:28  Drone  
  24  2:29  Drone  
  29  2:42  Drone  
  29  2:43  Overlord, Drone  
  31  2:54  Drone  
  31  2:55  Drone  
  31  2:56  Baneling Nest  
  32  3:04  Queen  
  34  3:06  Drone x2  
  34  3:11  Drone x2  
  34  3:12  Extractor  
  37  3:27  Overlord  
  37  3:30  Zergling x14  
  44  3:58  Drone x3  
  44  3:59  Drone x3  
  44  4:01  Roach Warren  
  49  4:03  Overlord x2  
  49  4:05  Zergling x2  
  50  4:12  Baneling x2  
  50  4:16  Drone x2  
  52  4:47  Roach x8  
  52  4:51  Lair  
  68  5:04  Overlord x2  
  68  5:36  Ravager x2  
  68  5:37  Ravager x2  
  68  5:42  Hatchery  
  70  5:56  Roach x6  
  70  5:57  Overlord, Roach  
  83  5:58  Overlord  
  82  6:20  Drone x3, Extractor  
  82  6:22  Extractor  
  82  6:23  Drone x3  
  82  6:24  Overlord x2  
  86  6:26  Overseer x2  
  86  6:34  Glial Reconstitution  
  86  6:35  Hydralisk Den  
  85  6:41  Baneling x2  
  85  6:44  Drone x2  
  85  6:45  Drone x5  
  92  6:56  Baneling  
  92  7:06  Queen  
  94  7:14  Drone, Extractor  
  94  7:15  Drone x2, Extractor  
  96  7:16  Drone x3  
  96  7:17  Drone x2  
  96  7:18  Drone  
  101  7:27  Muscular Augments  
  101  7:29  Lurker Den  
  98  7:55  Drone x4  
  98  7:56  Drone x5  
  98  7:57  Overlord x7  
  98  7:58  Overlord  
  107  8:04  Evolution Chamber  
  107  8:05  Evolution Chamber, Tunneling Claws  
  105  8:07  Burrow  
  105  8:08  Infestation Pit  
  105  8:09  Pneumatized Carapace  
  104  8:16  Hydralisk  
  104  8:17  Hydralisk x2  
  110  8:31  Hydralisk x8  
  110  8:33  Roach x3  
  110  8:34  Roach x2  
  136  8:44  Zerg Missile Weapons Level 1, Zerg Ground Armor Level 1  
  136  8:52  Hatchery  
  135  8:59  Lurker x3  
  138  9:03  Lurker  
  139  9:14  Lurker  
  85  9:44  Roach  
  85  9:45  Roach x13  
  113  9:50  Roach  
  113  9:51  Roach x12  
  133  10:07  Roach x2  
  133  10:08  Roach x6  
  133  10:10  Queen  
  145  10:15  Grooved Spines  
  145  10:17  Hydralisk x4  
  147  10:32  Hydralisk x3  
  147  10:33  Hydralisk x2  
  157  10:54  Lurker x3  
  160  10:57  Overlord x4, Lurker  
  160  11:01  Drone x4  
  160  11:02  Drone x6  
  167  11:17  Extractor  
  166  11:19  Extractor  
  163  11:27  Hydralisk  
  163  11:28  Hydralisk x9  
Show
View Real Time Build Order
Export as new Build Order

FoRTe Protoss - Winner!

Build Orders: Zealot Archon 

Get SALT Encoding   

  12  0:00  Probe  
  13  0:13  Probe  
  14  0:18  Pylon  
  14  0:25  Probe  
  15  0:37  Probe  
  15  0:38  Gateway  
  16  0:46  Probe  
  16  0:47  Assimilator  
  17  0:54  Probe  
  17  1:03  Probe  
  19  1:12  Pylon  
  19  1:15  Probe  
  20  1:25  Cybernetics Core  
  20  1:27  Probe  
  21  1:39  Probe  
  22  1:51  Probe  
  22  1:52  Warp Gate  
  23  2:03  Stalker  
  25  2:17  Probe  
  26  2:29  Probe  
  27  2:31  Nexus  
  27  2:46  Probe  
  28  2:58  Probe  
  28  3:01  Pylon, Assimilator  
  28  3:04  Gateway  
  29  3:06  Gateway  
  29  3:10  Probe, Gateway  
  30  3:40  Stalker  
  31  3:59  Stalker, Pylon  
  31  4:00  Stalker  
  35  4:06  Stalker x2  
  39  4:13  Pylon  
  39  4:14  Probe  
  39  4:15  Probe  
  39  4:22  Probe  
  39  4:23  Probe  
  41  4:30  Pylon  
  43  4:32  Probe  
  43  4:33  Pylon  
  44  4:52  Pylon  
  44  4:53  Zealot, Probe  
  44  4:54  Zealot x3, Probe  
  44  4:59  Assimilator  
  54  5:01  Assimilator  
  54  5:02  Probe x2  
  56  5:10  Probe x2  
  57  5:17  Pylon  
  58  5:33  Zealot x4  
  58  5:44  Nexus  
  44  5:57  Pylon  
  44  6:00  Probe  
  44  6:01  Probe  
  46  6:05  Zealot x4  
  54  6:13  Twilight Council, Probe x2  
  56  6:26  Zealot  
  58  6:35  Gateway  
  58  6:39  Gateway  
  58  6:40  Gateway  
  58  6:43  Charge  
  58  6:52  Probe  
  58  6:53  Probe x2  
  56  7:00  Probe  
  56  7:01  Probe x2, Assimilator x2  
  62  7:09  Probe  
  62  7:10  Templar Archives  
  62  7:12  Probe  
  62  7:13  Probe, Robotics Facility  
  65  7:21  Probe  
  66  7:26  Zealot x3  
  72  7:38  Psionic Storm  
  72  7:50  High Templar  
  72  7:51  High Templar x2  
  76  7:52  High Templar  
  76  7:53  High Templar x2  
  76  7:54  Observer  
  76  7:57  Archon  
  84  7:58  High Templar  
  87  8:09  Pylon  
  87  8:13  Gateway  
  87  8:15  Gateway  
  87  8:19  Gateway  
  87  8:25  Zealot x3  
  93  8:28  High Templar x2  
  93  8:29  Zealot  
  93  8:32  Archon  
  99  8:40  Zealot  
  101  8:49  Pylon  
  101  8:51  Pylon  
  101  8:52  Pylon  
  101  8:54  Pylon  
  101  9:00  Forge  
  101  9:07  Forge, Immortal  
  105  9:11  High Templar x2  
  105  9:12  High Templar x2  
  105  9:14  High Templar x2  
  105  9:15  Archon  
  105  9:16  Archon  
  117  9:19  Archon  
  110  9:42  Warp Prism  
  110  9:45  Protoss Ground Weapons Level 1, Protoss Ground Armor Level 1  
  68  10:22  High Templar x2  
  68  10:24  High Templar  
  68  10:27  Zealot x5  
  68  10:28  Zealot x2  
  88  10:34  Immortal  
  88  10:41  Nexus, Pylon  
  88  10:43  Pylon  
  92  10:51  Assimilator  
  92  10:52  Assimilator  
  92  11:03  Zealot x3  
  92  11:04  Zealot x2  
  88  11:06  Zealot x3  
  95  11:12  Zealot  
  95  11:13  Zealot  
  97  11:36  High Templar  
  97  11:37  High Templar  
  97  11:38  High Templar x2  
  97  11:39  High Templar x2  
  109  11:40  High Templar x2  
  109  11:43  Zealot x2  
  109  11:44  Archon  
  109  11:45  Archon x2  
  109  11:46  Archon  
  117  11:58  Observer  
  73  12:28  Zealot x5  
  73  12:29  Zealot x5  
Tags
 
Add a new tag
Caveats
  • Supply blocks, unpowered buildings, or Contaminate may cause inaccurate times.
  • Supply counts are checked every 10 seconds.